 Dungeon Crawl Stone Soup version 0.23-b1-6-ga921848b48 (webtiles) character file.

Game seed: 7672685912284068515

161 Gargoyl the Skirmisher (level 5, -5/46 HPs)
             Began as a Centaur Abyssal Knight on Feb 2, 2019.
             Was a Believer of Lugonu.
             Slain by Crazy Yiuf
             ... wielding a +3 quarterstaff of chaos
              (15 damage)
             ... on level 3 of the Dungeon.
             The game lasted 00:03:58 (3636 turns).

Gargoyl the Skirmisher (Centaur Abyssal Knight)     Turns: 3636, Time: 00:03:59

Health: -5/46      AC: 10    Str: 14    XL:     5   Next: 19%
Magic:  7/7        EV:  8    Int: 13    God:    Lugonu [**....]
Gold:   202        SH:  0    Dex: 10    Spells: 4/4 levels left

rFire    + . .     SeeInvis .   a - +1 hand axe
rCold    . . .     Gourm    .   (no shield)
rNeg     . . .     Faith    .   k - +1 ring mail {rF+}
rPois    .         Spirit   .   o - +0 helmet
rElec    .         Reflect  .   (no cloak)
rCorr    .         Harm     .   d - +0 pair of gloves
MR       .....                  (no barding)
Stlth    ..........             (no amulet)
HPRegen  0.15/turn              (no ring)
MPRegen  0.10/turn              (no ring)

@: very quick
A: large, hooves 3, clever 1, deformed body, speed 2, shaggy fur 1, tough skin
3, evolution 1
a: Depart the Abyss, Bend Space, Renounce Religion


You were on level 3 of the Dungeon.
You worshipped Lugonu.
Lugonu was pleased with you.
You were hungry.

You visited 1 branch of the dungeon, and saw 3 of its levels.
You visited the Abyss 1 time.

You collected 202 gold pieces.

Inventory:

Hand Weapons
 a - a +1 hand axe (weapon)
Armour
 d - a +0 pair of gloves (worn)
 k - a +1 ring mail of fire resistance (worn)
 o - a +0 helmet (worn)
Wands
 q - a wand of flame (18)
Scrolls
 g - a scroll of blinking
 l - 2 scrolls of teleportation
 m - a scroll of identify
 n - a scroll of enchant weapon {unknown}
Potions
 b - a potion of agility
 e - a potion of might {unknown}
 f - 2 potions of berserk rage
 h - a potion of haste {unknown}
 i - a potion of curing {unknown}
 j - a potion of degeneration {unknown}
 p - a potion of heal wounds {unknown}
Comestibles
 c - 3 rations


   Skills:
 + Level 3.7 Fighting
 + Level 2.6 Axes
 * Level 2.5 Armour
 * Level 1.5 Dodging
 * Level 2.7 Invocations


You had 4 spell levels left.
You didn't know any spells.
Your spell library was empty.

Dungeon Overview and Level Annotations

Branches:
Dungeon (3/15)

Altars:
Ashenzari
Dithmenos
Ru
Vehumet

Annotations:
D:3 Crazy Yiuf


Innate Abilities, Weirdness & Mutations

You have hooves in place of feet.
Armour fits poorly on your strangely shaped body.
You cover ground very quickly.
You have extremely tough skin. (AC +3)
Your mind is acute. (Int +2)
You are covered in fur. (AC +1)
You evolve.


Message History

You are feeling hungry.
Crazy Yiuf hits you with a +3 quarterstaff of chaos.
Crazy Yiuf burns you.
You hit Crazy Yiuf. You kick Crazy Yiuf, but do no damage.
Crazy Yiuf is heavily wounded.
Crazy Yiuf says, "Tonal water sing-song!"
Crazy Yiuf hits you but does no damage.
You are electrocuted!!
You hit Crazy Yiuf. Your kick misses Crazy Yiuf.
Crazy Yiuf is severely wounded.
Crazy Yiuf closely misses you.
You slash Crazy Yiuf!
Crazy Yiuf is almost dead.
Crazy Yiuf says, "Tosser!
Ghoul Hive pizzabubble."
Crazy Yiuf hits you with a +3 quarterstaff of chaos.
You barely miss Crazy Yiuf.
Crazy Yiuf is almost dead.
Crazy Yiuf hits you with a +3 quarterstaff of chaos!
* * * LOW HITPOINT WARNING * * *
You are electrocuted!
You die...

#.......#
#.#####.# #.#
###.##### ###
#........
###.#####
♣♣♣♣♣####.#
###**♣♣♣.♣.......#
#...#♣..♣.PP.)).##
#...g@♣♣♣♣......#
#)..#♣♣
♣♣P..)#######
###** ♣♣#####.....
#..... #..... ###
#..... #.# #.....
#.# #..... #[#
#.....


You could see Crazy Yiuf.

Vanquished Creatures
  An orc wizard (D:3)
  3 gnolls (D:2)
  Robin (D:3)
  2 adders (D:3)
  An ooze (D:3)
  5 leopard geckos
  5 orcs (D:3)
  A ball python (D:2)
  2 bats (D:1)
  A giant cockroach (D:1)
  7 hobgoblins
  3 jackals (D:3)
  5 kobolds
  3 quokkas (D:3)
  2 frilled lizards (D:3)
  11 goblins
  5 rats
58 creatures vanquished.

Notes
Turn   | Place    | Note
-------+----------+-------------------------------------------
     0 | Abyss:1  | Gargoyl the Centaur Abyssal Knight began the quest for the
                  | Orb.
     0 | Abyss:1  | Reached XP level 1. HP: 19/19 MP: 2/2
    76 | Abyss:1  | Noticed a large abomination
    93 | Abyss:2  | Noticed a smoke demon
   109 | Abyss:2  | Noticed a worldbinder
   112 | Abyss:2  | Noticed a deep elf mage
   112 | Abyss:2  | Noticed a deep elf mage
   112 | Abyss:2  | Noticed a deep elf mage
   113 | D:1      | Escaped the Abyss
   309 | D:1      | Reached * piety under Lugonu
   309 | D:1      | Reached XP level 2. HP: 25/26 MP: 3/3
   688 | D:1      | Reached skill level 1 in Dodging
  1746 | D:2      | Found a radiant altar of Vehumet.
  1768 | D:2      | Reached XP level 3. HP: 20/31 MP: 4/4
  1788 | D:3      | Found a shadowy altar of Dithmenos.
  2455 | D:3      | Found a shattered altar of Ashenzari.
  2470 | D:3      | Reached XP level 4. HP: 15/38 MP: 5/5
  2516 | D:3      | Reached ** piety under Lugonu
  2707 | D:3      | Gained mutation: Your mind is acute. (Int +2) [potion of
                  | mutation]
  2707 | D:3      | Gained mutation: You are covered in fur. (AC +1) [potion of
                  | mutation]
  2707 | D:3      | Gained mutation: You evolve. [potion of mutation]
  2893 | D:3      | Reached XP level 5. HP: 37/46 MP: 6/6
  3161 | D:3      | Noticed Robin
  3180 | D:3      | Killed Robin
  3387 | D:3      | Found a runed translucent door.
  3388 | D:3      | Noticed Crazy Yiuf
  3466 | D:3      | Found a sacrificial altar of Ru.
  3636 | D:3      | Slain by Crazy Yiuf

Skill      XL: |  1  2  3 |
---------------+----------+-----
Dodging        | 1 |  1.5
Axes           | 2 |  2.6
Armour         | 2 |  2.5
Fighting       | |  3.7
Invocations    | |  2.7

Action                   |  1- 3 |  4- 6 || total
-------------------------+-------+-------++-------
Melee: Hand axe          |    81 |    80 ||   161
       Kick              |    15 |     9 ||    24
Invok: Depart the Abyss  |     1 |       ||     1
  Use: Scroll            |     5 |     3 ||     8
       Potion            |       |     1 ||     1
  Eat: Chunk             |     2 |     4 ||     6
Armor: Leather armour    |    13 |       ||    13
       Ring mail         |    31 |    44 ||    75
Dodge: Dodged            |    39 |    52 ||    91
